 Dungeon Crawl Stone Soup version 0.28.0-45-g0d030f2227 (webtiles) character file.

Game seed: 14437150002042685139

2945 pkoi the Cruncher (level 9, -2/70 HPs)
             Began as a Demigod Gladiator on Apr 9, 2022.
             Slain by Erica
             ... wielding a +1 scimitar of flaming
              (7 damage)
             ... on level 8 of the Dungeon.
             The game lasted 00:15:16 (9459 turns).

pkoi the Cruncher (Demigod Gladiator)               Turns: 9459, Time: 00:15:16

Health: -2/70      AC: 19    Str: 15    XL:     9   Next: 27%
Magic:  13/13      EV: 13    Int: 22    God:
Gold:   62         SH:  0    Dex: 24    Spells: 7/10 levels left

rFire   . . .      SeeInvis +   y - +6 whip of Twilight {freeze, rPois Will+ Dex+7}
rCold   . . .      Faith    .   (no shield)
rNeg    . . .      Spirit   .   j - +5 ring mail "Botakebb" {Dex+2}
rPois   +          Reflect  .   B - +1 helmet {SInv}
rElec   .          Harm     .   k - +0 cloak
rCorr   .          Rampage  .   (no gloves)
Will    .....                   t - +0 pair of boots
Stlth   +.........              (no amulet)
HPRegen 0.21/turn               f - ring of see invisible
MPRegen 0.13/turn               e - +4 ring of protection

@: lethally poisoned (-2 -> -5), weak-willed, slowed, very slow
A: high MP 1, forlorn, divine attributes
a: no special abilities


You were on level 8 of the Dungeon.
You visited 1 branch of the dungeon, and saw 8 of its levels.
You also visited: Ossuary.

You collected 298 gold pieces.
You spent 236 gold pieces at shops.

Inventory:

Hand Weapons
 a - a +0 quarterstaff
 g - a +1 dagger of venom
 y - the +6 whip of Twilight (weapon) {freeze, rPois Will+ Dex+7}
   (You found it on level 6 of the Dungeon)

   It freezes those it strikes, dealing additional cold damage.
   It can also slow down cold-blooded creatures.
   Dex:       It affects your dexterity (+7).
   rPois:     It protects you from poison.
   Will:      It increases your willpower.
Missiles
 d - 7 throwing nets (quivered)
 i - 3 silver boomerangs
Armour
 j - the +5 ring mail "Botakebb" (worn) {Dex+2}
   (You found it on level 2 of the Dungeon)

   Dex:       It affects your dexterity (+2).
 k - a +0 cloak (worn)
 t - a +0 pair of boots (worn)
 B - a +1 helmet of see invisible (worn)
Magical Staves
 q - a staff of fire
Jewellery
 b - the ring "Ivoeruri" {rN+ Will- Str+4 Dex+3 Stlth+}
   (You found it on level 8 of the Dungeon)

   [ring of positive energy]

   Str:       It affects your strength (+4).
   Dex:       It affects your dexterity (+3).
   rN:        It protects you from negative energy.
   Will:      It decreases your willpower.
   Stlth:     It makes you more stealthy.
 e - a +4 ring of protection (right hand)
 f - a ring of see invisible (left hand)
 A - a ring of ice
Wands
 p - a wand of iceblast (4)
Scrolls
 s - 3 scrolls of identify
 x - a scroll of fear
Potions
 h - 4 potions of curing
 l - 3 potions of brilliance
 m - a potion of might
 n - 4 potions of attraction
 o - a potion of ambrosia
 r - 3 potions of heal wounds
 u - 2 potions of mutation
 v - 2 potions of haste
 w - 2 potions of cancellation


   Skills:
 + Level 3.3 Fighting
 + Level 1.1(5.4) Maces & Flails
 - Level 8.6 Staves
 - Level 1.7 Throwing
 + Level 3.3 Armour
 + Level 4.3 Dodging
 + Level 1.1 Spellcasting
 - Level 3.1 Fire Magic
 + Level 1.2 Ice Magic
 + Level 5.2 Evocations


You had 7 spell levels left.
You knew the following spells:

 Your Spells              Type           Power      Damage    Failure   Level
a - Frozen Ramparts       Ice            12%        1d3       45%         3

Your spell library contained the following spells:

 Spells                   Type           Power      Damage    Failure   Level
 Freeze                   Ice            24%        1d5       17%         1
 Hailstorm                Conj/Ice       4%         3d4       91%         4


Dungeon Overview and Level Annotations

Branches:
Dungeon (8/15)             Temple (0/1) D:7         Ossuary (visited)
   Lair: D:8-11

Shops:
D:1 =:   D:5 [*   D:6 !   D:7 [

Annotations:
D:4 1 runed translucent door, pkoi's ghost, amateur DgGl
D:8 Erica


Innate Abilities, Weirdness & Mutations

You have an increased reservoir of magic. (+10% MP)
You shall have no god before yourself.
Your divine heritage dramatically boosts your attributes as you level up.


Message History

Erica is heavily wounded.
Erica hits you but does no damage.
Unknown command.
You hit Erica. You freeze Erica.
Erica is heavily wounded.
Erica misses you.
Unknown command.
You hit Erica. You freeze Erica. You punch Erica, but do no damage.
Erica is heavily wounded.
Erica hits you but does no damage.
Erica points at you and mumbles some strange words.
The bolt of poison hits you.
You are poisoned.
You resist.
* * * LOW HITPOINT WARNING * * *
You hit Erica. You freeze Erica.
Erica is severely wounded.
You feel very sick.
Erica hits you with a +1 scimitar of flaming.
* * * LOW HITPOINT WARNING * * *
Erica burns you.
* * * LOW HITPOINT WARNING * * *
You whack Erica! You freeze Erica.
Erica is almost dead.
You feel sick. Erica barely misses you.
Unknown command.
You barely miss Erica.
Erica is almost dead.
You feel sick.
Erica hits you with a +1 scimitar of flaming!
* * * LOW HITPOINT WARNING * * *
Erica burns you.
* * * LOW HITPOINT WARNING * * *
You hit Erica. You freeze Erica.
Erica is almost dead.
You feel sick.
Erica hits you with a +1 scimitar of flaming!
* * * LOW HITPOINT WARNING * * *
Erica burns you!
You die...

#.. #. #.# #.# #.#
##+##########.###.#####
....<.................#
.....................
......!..[.........#
...................#
....[.@@...........#
########...#......##
##.#.....##.#
#.)))##.###.#
####.)####.....#
#....<# #..##.#
#.##..## #..##.# #
#....###..#..#
#.#....+^......#


You could see Erica (invisible, weak-willed).

Vanquished Creatures
  A wraith (D:5)
  A basilisk (D:8)
  Duvessa (D:4)
  A sky beast (D:7)
  A black bear (D:5)
  A centaur (D:6)
  3 ogres
  2 phantoms
  A kobold brigand (D:8)
  Blork the orc (D:6)
  A bullfrog (D:7)
  A water moccasin zombie (D:5)
  4 scorpions
  Dowan (D:4)
  3 water moccasin skeletons
  3 wights (D:6)
  4 centaur zombies
  3 bullfrog zombies
  2 orc priests (D:4)
  3 gnoll shamans
  A jelly (D:6)
  3 iguanas
  5 orc wizards
  2 hound skeletons (D:4)
  5 mummies (Ossuary)
  17 gnolls
  8 adders
  A shadow imp (D:6)
  4 white imps (D:6)
  An ufetubus (D:5)
  2 adder skeletons (D:4)
  A worm (D:2)
  16 orcs
  10 endoplasms
  3 giant cockroaches
  8 goblins
  6 hobgoblins
  8 jackals (D:1)
  8 kobolds
  4 quokkas
  3 ball pythons
  7 bats
  5 frilled lizards
  A gnoll zombie (Ossuary)
  2 goblin zombies (Ossuary)
  A hobgoblin zombie (Ossuary)
  An orc zombie (Ossuary)
  2 rats (D:2)
173 creatures vanquished.

Vanquished Creatures (others)
  A butterfly (D:8)
1 creature vanquished.

Grand Total: 174 creatures vanquished

Notes
Turn   | Place    | Note
-------+----------+-------------------------------------------
     0 | D:1      | pkoi the Demigod Gladiator began the quest for the Orb.
     0 | D:1      | Reached XP level 1. HP: 17/17 MP: 3/3
     3 | D:1      | Noticed an electric eel
     4 | D:1      | Noticed an electric eel
   238 | D:1      | Found Asips's Book Shoppe.
   257 | D:1      | Reached skill level 3 in Staves
   257 | D:1      | Reached XP level 2. HP: 17/24 MP: 4/4
   811 | D:1      | Found Diarifeip's Jewellery Boutique.
  1192 | D:1      | Reached XP level 3. HP: 7/29 MP: 5/5
  1217 | D:1      | Reached skill level 1 in Armour
  1920 | D:2      | Identified the +5 ring mail "Botakebb" {Dex+2}
  2538 | D:3      | Reached XP level 4. HP: 37/37 MP: 6/6
  2756 | D:4      | Found a runed translucent door.
  2916 | D:4      | Reached skill level 4 in Staves
  2972 | D:4      | Reached XP level 5. HP: 38/42 MP: 7/7
  3194 | D:4      | Noticed Duvessa
  3220 | D:4      | Noticed an ogre
  3222 | D:4      | Noticed Dowan
  3309 | D:5      | Entered Level 5 of the Dungeon
  3459 | D:5      | Reached skill level 1 in Fire Magic
  3459 | D:5      | Reached XP level 6. HP: 49/51 MP: 8/8
  3465 | D:5      | Noticed a wraith
  3509 | D:5      | Found a sand-covered staircase.
  3514 | Ossuary  | Entered an ossuary
  3604 | Ossuary  | Reached skill level 1 in Evocations
  4172 | D:5      | Killed a wraith
  4173 | D:5      | Reached skill level 5 in Staves
  4173 | D:5      | Reached XP level 7. HP: 33/57 MP: 9/9
  4555 | D:5      | Found Ireloec's Antique Armour Emporium.
  5028 | D:5      | Reached skill level 6 in Staves
  5529 | D:5      | Found Ekeshim's Assorted Antiques.
  5666 | D:5      | Reached XP level 8. HP: 42/63 MP: 10/10
  6370 | D:4      | Reached skill level 7 in Staves
  6462 | D:4      | Noticed pkoi's ghost (amateur DgGl)
  6579 | D:4      | Killed Dowan
  6579 | D:4      | Killed Duvessa
  7127 | D:6      | Noticed Blork the orc
  7136 | D:6      | Killed Blork the orc
  7137 | D:6      | Reached skill level 8 in Staves
  7627 | D:6      | Found Bedysh's Distillery.
  7859 | D:6      | Bought a potion of heal wounds for 55 gold pieces
  7939 | D:6      | Reached XP level 9. HP: 69/69 MP: 11/11
  7943 | D:6      | Learned a level 3 spell: Frozen Ramparts
  8034 | D:6      | Identified the +6 whip of Twilight {freeze, rPois Will+
                  | Dex+7}
  8112 | D:6      | Reached skill level 5 in Evocations
  8531 | D:7      | Found a staircase to the Ecumenical Temple.
  8670 | D:7      | Found Anwan Vot's Armour Boutique.
  8678 | D:7      | Bought a +1 helmet of see invisible for 181 gold pieces
  9146 | D:8      | Reached skill level 1 in Maces & Flails
  9146 | D:8      | Reached skill level 1 in Spellcasting
  9146 | D:8      | Reached skill level 1 in Ice Magic
  9423 | D:8      | Identified the ring "Ivoeruri" {rN+ Will- Str+4 Dex+3
                  | Stlth+}
  9442 | D:8      | Noticed Erica
  9459 | D:8      | Slain by Erica

Illustrated notes

Levels and vault maps discovered:
D:1:      arrival_aquarium_b, layout_basic, serial_shops, shop, shop,
          minivault_11
D:2:      layout_basic, chequers_ecumenical_altar_twisty, minmay_quadrilaterals
D:3:      layout_rooms, fedhas_ov_isle_minmay
D:4:      layout_cave_pools, grunt_qazlal_sundering, ebering_ghost_sewer_d,
          uniq_duvessa
D:5:      layout_loops_ring, mainiacjoe_overflow_catwalk, enter_ossuary_2,
          serial_shops, nicolae_shop_trees, nicolae_square_shop,
          ebering_dispersal_statue_hall, kennysheep_boxes
D:6:      layout_gridville, nicolae_tso_swordbearing_angel,
          kennysheep_windowed_goal, uniq_blork_the_orc
D:7:      layout_basic, nicolae_gozag_seed_capital,
          minmay_temple_entry_glassed_door, serial_shops, shop,
          nicolae_zen_rock_garden
D:8:      cheibrodos_wizards_tower, layout_basic,
          nicolae_elyvilon_peaceful_grove,
          mainiacjoe_overflow_concentric_impassable, kiku_gazebo_garden_becter,
          erik_lair_dragon, uniq_erica

Skill      XL: |  1  2  3  4  5  6  7  8  9 |
---------------+----------------------------+-----
Fighting       | 2 3 |  3.3
Staves         | 3 4 5 6 8 |  8.6
Dodging        | 3 4 |  4.3
Armour         | 1 2 3 |  3.3
Fire Magic     | 1 3 |  3.1
Evocations     | 1 3 4 5 |  5.2
Maces & Flails | 1 |  1.1
Spellcasting   | 1 |  1.1
Ice Magic      | 1 |  1.2
Throwing       | |  1.7

Action                   |  1- 3 |  4- 6 |  7- 9 || total
-------------------------+-------+-------+-------++-------
Melee: Quarterstaff      |   162 |   124 |   429 ||   715
       Staff             |       |   167 |       ||   167
       Punch             |       |     4 |     4 ||     8
       Whip              |       |       |    82 ||    82
Evoke: Wand              |       |       |     5 ||     5
  Use: Scroll            |     1 |     2 |     5 ||     8
       Potion            |       |     6 |     6 ||    12
 Stab: Sleeping          |     1 |       |       ||     1
Armor: Leather armour    |    83 |       |       ||    83
       Ring mail         |    23 |   186 |   231 ||   440
Dodge: Dodged            |   162 |   182 |   298 ||   642
